 Dungeon Crawl Stone Soup version 0.28-a0-268-g3f656e82c2 (webtiles) character file.

Game seed: 15202479958003495237

2716 frimble the Fighter (level 9, -1/80 (81) HPs)
             Began as a Gnoll Wanderer on Aug 29, 2021.
             Slain by an orc warrior (15 damage)
             ... on level 7 of the Dungeon.
             The game lasted 00:09:32 (9285 turns).

frimble the Fighter (Gnoll Wanderer)                Turns: 9285, Time: 00:09:32

HP:   -1/80 (81)    AC:  6    Str: 14    XL:     9   Next: 66%
MP:   15/15         EV: 12    Int: 15    God:
Gold: 301           SH:  0    Dex:  9    Spells: 14/16 levels left

rFire   . . .      SeeInvis .   o - +5 club (spect)
rCold   + . .      Faith    .   (no shield)
rNeg    . . .      Spirit   .   d - +0 robe
rPois   .          Reflect  .   p - +1 hat
rElec   .          Harm     .   q - +1 cloak
rCorr   .          Rampage  .   (no gloves)
Will    .....                   s - +0 pair of boots
Stlth   +++.......              (no amulet)
HPRegen 0.23/turn               t - ring of willpower
MPRegen 0.14/turn               l - ring of protection from cold

@: weak-willed, on berserk cooldown, slowed, lightly drained, very slow
A: fangs 1, strong nose, distributed training
a: no special abilities


You were on level 7 of the Dungeon.
You visited 1 branch of the dungeon, and saw 7 of its levels.

You collected 301 gold pieces.

Inventory:

Hand Weapons
 a - a +1 club
 i - a +0 flail of holy wrath
 o - a +5 spectral club (weapon)
 u - a +2 long sword of pain
Missiles
 g - 27 poisoned darts (quivered)
Armour
 d - a +0 robe (worn)
 k - a +0 kite shield
 p - a +1 hat (worn)
 q - a +1 cloak (worn)
 s - a +0 pair of boots (worn)
Jewellery
 l - a ring of protection from cold (right hand)
 t - a ring of willpower (left hand)
 w - an amulet of regeneration
Wands
 n - a wand of polymorph (13)
Scrolls
 c - 4 scrolls of teleportation
 f - 2 scrolls of enchant weapon
 h - a scroll of identify
 m - a scroll of enchant armour
Potions
 b - 2 potions of curing
 j - a potion of heal wounds
Miscellaneous
 e - a box of beasts


   Skills:
 + Level 11.2 Fighting
 + Level 4.4 Short Blades
 + Level 4.4 Long Blades
 + Level 4.4 Axes
 + Level 4.4 Maces & Flails
 + Level 4.4 Polearms
 + Level 4.4 Staves
 + Level 4.4 Slings
 + Level 4.4 Bows
 + Level 4.4 Crossbows
 + Level 4.4 Throwing
 + Level 5.2 Armour
 + Level 4.4 Dodging
 + Level 5.1 Stealth
 + Level 5.2 Shields
 + Level 5.2 Unarmed Combat
 + Level 4.4 Spellcasting
 + Level 3.7 Conjurations
 + Level 3.7 Hexes
 + Level 3.7 Summonings
 + Level 3.7 Necromancy
 + Level 3.7 Translocations
 + Level 3.7 Transmutations
 + Level 3.7 Fire Magic
 + Level 3.7 Ice Magic
 + Level 3.7 Air Magic
 + Level 3.7 Earth Magic
 + Level 3.7 Poison Magic
 + Level 4.9 Invocations
 + Level 5.2 Evocations


You had 14 spell levels left.
You knew the following spells:

 Your Spells              Type           Power      Damage    Failure   Level
a - Blink                 Tloc           N/A        N/A       6%          2

Your spell library contained the following spells:

 Spells                   Type           Power      Damage    Failure   Level
 Animate Skeleton         Necr           28%        N/A       3%          1
 Magic Dart               Conj           56%        1d5       3%          1
 Pain                     Necr           56%        1d6       3%          1
 Call Imp                 Summ           14%        N/A       6%          2
 Corpse Rot               Necr/Air       N/A        N/A       6%          2
 Poisonous Vapours        Pois/Air       28%        N/A       6%          2
 Inner Flame              Hex/Fire       14%        N/A       12%         3
 Mephitic Cloud           Conj/Pois/Air  14%        N/A       12%         3
 Vampiric Draining        Necr           7%         2d7       12%         3
 Cause Fear               Hex            7%         N/A       36%         4
 Dispel Undead            Necr           14%        3d10      36%         4
 Freezing Cloud           Conj/Ice/Air   7%         6-21      71%         5
 Manifold Assault         Tloc           14%        N/A       71%         5
 Death Channel            Necr           7%         N/A       99%         6
 Storm Form               Tmut/Air       7%         N/A       100%        7
 Discord                  Hex            7%         N/A       100%        8


Dungeon Overview and Level Annotations

Branches:
Dungeon (7/15)
 Temple: D:4-7

Altars:
Elyvilon
Fedhas
Gozag
Uskayaw
The Shining One

Annotations:
D:6 Dowan


Innate Abilities, Weirdness & Mutations

You have very sharp teeth.
Your uncanny sense of smell can sniff out nearby items.
Your experience applies equally to all skills.


Message History

The wight is almost destroyed.
Your +5 spectral club hits the wight!
You destroy the wight!
You swap places.
Found 14 gold pieces.
Things that are here:
a +2 short sword; a +0 robe
Things that are here:
a +0 short sword; a +0 robe Search for what [Enter for "armo", or ? for help]? brand Unknown command.
Things that are here:
a +2 short sword; a +0 robe
Found a ring mail.
An orc warrior comes into view. It is wielding a +0 glaive.
An orc comes into view. It is wielding a +0 falchion.
An orc comes into view. It is wielding a +0 club.
You see here 14 gold pieces.
You now have 301 gold pieces (gained 14).
An orc comes into view.
It is wielding a +0 club and carrying a wand of acid (6).
The orc warrior shouts!
The orc shouts!
You hit the orc warrior.
The orc warrior is lightly wounded.
Your +5 spectral club hits the orc warrior.
The orc warrior hits you with a +0 glaive!
The orc warrior closely misses you.
You hit the orc warrior but do no damage.
The orc warrior is moderately wounded.
Your +5 spectral club hits the orc warrior.
The orc barely misses your +5 spectral club.
The orc hits your +5 spectral club with a +0 club.
The orc warrior hits you with a +0 glaive!
* * * LOW HITPOINT WARNING * * *
You hit the orc warrior but do no damage.
The orc warrior is moderately wounded.
Your +5 spectral club hits the orc warrior!
Something hits your +5 spectral club but does no damage.
Something barely misses your +5 spectral club.
The orc warrior completely misses you. The orc closely misses you.
The orc warrior hits you with a +0 glaive!
You die...

#### .... #..# #
#..# #(###..#
#......#
###[.oo..########
.....oo@.........
.....###..#######
... ##.# . #)##
###))# #..<.#
#..).# #......
#..(...#


You could see an orc warrior, 3 orcs and a friendly +5 spectral club (summoned).

Vanquished Creatures
  Grinder (D:5)
  Edmund (D:5)
  Menkaure (D:5)
  A steam dragon (D:6)
  2 sky beasts
  An orc warrior (D:6)
  A black bear (D:5)
  A necrophage (D:6)
  3 ogres
  A phantom (D:4)
  A bullfrog (D:6)
  Blork the orc (D:5)
  3 scorpions
  A gnoll sergeant (D:6)
  2 water moccasin skeletons
  3 wights (D:7)
  A jelly (D:6)
  3 hounds
  A centaur skeleton (D:5)
  2 orc priests
  Crazy Yiuf (D:2)
  3 bullfrog skeletons
  2 iguanas
  Jessica (D:2)
  Ijyb (D:3)
  2 orc wizards (D:5)
  A killer bee zombie (D:5)
  A howler monkey zombie (D:5)
  6 gnolls
  13 adders
  A white imp (D:5)
  2 adder skeletons (D:4)
  2 worms (D:2)
  4 dart slugs
  16 orcs
  7 ball pythons
  7 endoplasms
  3 giant cockroaches
  8 goblins
  13 hobgoblins
  11 kobolds
  5 quokkas
  6 bats
  3 frilled lizards (D:1)
  5 rats
155 creatures vanquished.

Vanquished Creatures (collateral kills)
  A gnoll (D:1)
1 creature vanquished.

Grand Total: 156 creatures vanquished

Notes
Turn   | Place    | Note
-------+----------+-------------------------------------------
     0 | D:1      | Reached skill level 10 in Fighting
     0 | D:1      | frimble the Gnoll Wanderer began the quest for the Orb.
     0 | D:1      | frimble set off with the following items: a +0 club, a
                  | potion of curing, a scroll of teleportation, a +0 robe, a
                  | box of beasts
     0 | D:1      | Reached XP level 1. HP: 28/28 MP: 1/1
   215 | D:1      | Reached XP level 2. HP: 34/36 MP: 2/2
   812 | D:1      | Reached XP level 3. HP: 37/42 MP: 3/3
  1309 | D:2      | Reached skill level 1 in Invocations
  1477 | D:2      | Found a blossoming altar of Fedhas.
  1656 | D:2      | Reached skill level 1 in Short Blades
  1656 | D:2      | Reached skill level 1 in Long Blades
  1656 | D:2      | Reached skill level 1 in Axes
  1656 | D:2      | Reached skill level 1 in Maces & Flails
  1656 | D:2      | Reached skill level 1 in Polearms
  1656 | D:2      | Reached skill level 1 in Staves
  1656 | D:2      | Reached skill level 1 in Slings
  1656 | D:2      | Reached skill level 1 in Bows
  1656 | D:2      | Reached skill level 1 in Crossbows
  1656 | D:2      | Reached skill level 1 in Throwing
  1656 | D:2      | Reached skill level 1 in Dodging
  1656 | D:2      | Reached skill level 1 in Spellcasting
  1671 | D:2      | Reached XP level 4. HP: 48/48 MP: 5/5
  2151 | D:2      | Learned a level 2 spell: Blink
  2418 | D:2      | Found a faded altar of an unknown god.
  2453 | D:2      | Reached skill level 1 in Conjurations
  2453 | D:2      | Reached skill level 1 in Hexes
  2453 | D:2      | Reached skill level 1 in Summonings
  2453 | D:2      | Reached skill level 1 in Necromancy
  2453 | D:2      | Reached skill level 1 in Translocations
  2453 | D:2      | Reached skill level 1 in Transmutations
  2453 | D:2      | Reached skill level 1 in Fire Magic
  2453 | D:2      | Reached skill level 1 in Ice Magic
  2453 | D:2      | Reached skill level 1 in Air Magic
  2453 | D:2      | Reached skill level 1 in Earth Magic
  2453 | D:2      | Reached skill level 1 in Poison Magic
  2651 | D:2      | Noticed Jessica
  2668 | D:2      | Killed Jessica
  2669 | D:2      | Reached XP level 5. HP: 34/54 MP: 5/7
  3088 | D:2      | Found a runed translucent door.
  3089 | D:2      | Noticed Crazy Yiuf
  3855 | D:3      | Noticed Ijyb
  3867 | D:3      | Killed Ijyb
  3901 | D:3      | Reached XP level 6. HP: 59/61 MP: 8/8
  4545 | D:2      | Killed Crazy Yiuf
  5028 | D:4      | Found an opulent altar of Gozag.
  5028 | D:4      | Found a glowing golden altar of the Shining One.
  5081 | D:4      | Reached XP level 7. HP: 58/67 MP: 10/10
  5227 | D:5      | Entered Level 5 of the Dungeon
  5227 | D:5      | Noticed a +0 falchion
  5227 | D:5      | Noticed a +0 dagger
  5227 | D:5      | Noticed a +0 falchion
  5227 | D:5      | Noticed a +0 spear
  5227 | D:5      | Noticed a +0 dagger
  5227 | D:5      | Noticed a +0 short sword
  5227 | D:5      | Noticed a +0 spear
  5227 | D:5      | Noticed a +0 short sword
  5293 | D:6      | Noticed a steam dragon
  5307 | D:6      | Killed a steam dragon
  5320 | D:6      | Reached XP level 8. HP: 19/74 MP: 12/12
  5798 | D:5      | Noticed Edmund
  5812 | D:5      | Killed Edmund
  5916 | D:5      | Found a hide-covered altar of Uskayaw.
  5924 | D:5      | Noticed Blork the orc
  5936 | D:5      | Killed Blork the orc
  6145 | D:5      | Noticed Grinder
  6158 | D:5      | Killed Grinder
  6533 | D:5      | Reached skill level 11 in Fighting
  6700 | D:5      | Reached XP level 9. HP: 81/81 MP: 14/14
  6938 | D:5      | Noticed Menkaure
  6946 | D:5      | Killed Menkaure
  7763 | D:6      | Reached skill level 5 in Armour
  7763 | D:6      | Reached skill level 5 in Shields
  7763 | D:6      | Reached skill level 5 in Unarmed Combat
  7763 | D:6      | Reached skill level 5 in Evocations
  8685 | D:6      | Reached skill level 5 in Stealth
  9224 | D:6      | Found a white marble altar of Elyvilon.
  9225 | D:6      | Noticed Dowan
  9285 | D:7      | Slain by an orc warrior

Illustrated notes

Levels and vault maps discovered:
D:1:      co_arrival_square_in_a_square_in_a_square, layout_rooms
D:2:      layout_loops_corners, basic_ecumenical_altar, serial_aquarium,
          aquarium_bridge_square [aquarium_subvault_wall,
          aquarium_subvault_bridge, aquarium_subvault_window,
          aquarium_subvault_bridge], aquarium_bridge_square
          [aquarium_subvault_window, aquarium_subvault_bridge,
          aquarium_subvault_bridge, aquarium_subvault_bridge],
          aquarium_window_2, aquarium_window_fake, aquarium_window_1,
          aquarium_view_2a, aquarium_pool_S, minmay_hexomino_r4,
          uniq_crazy_yiuf_cottage, uniq_jessica
D:3:      layout_basic, minmay_checkerbox, uniq_ijyb
D:4:      minmay_opposing_rooms, layout_rooms,
          gammafunk_temple_overflow_elements
D:5:      layout_loops_cross, nicolae_uskayaw_en_pointe, uniq_menkaure,
          uniq_edmund, uniq_blork_the_orc, uniq_grinder
D:6:      layout_loops_cross, amcnicky_altar_gilded, uniq_duvessa
D:7:      layout_rooms, nicolae_overflow_crystal_walls,
          minmay_temple_entry_large_hall, enter_bailey_5, water_maze_lemuel

Skill      XL: |  1  2  3  4  5  6  7  8  9 |
---------------+----------------------------+-----
Fighting       | 11 | 11.2
Invocations    | 1 2 3 4 |  4.9
Short Blades   | 1 2 3 4 |  4.4
Long Blades    | 1 2 3 4 |  4.4
Axes           | 1 2 3 4 |  4.4
Maces & Flails | 1 2 3 4 |  4.4
Polearms       | 1 2 3 4 |  4.4
Staves         | 1 2 3 4 |  4.4
Slings         | 1 2 3 4 |  4.4
Bows           | 1 2 3 4 |  4.4
Crossbows      | 1 2 3 4 |  4.4
Throwing       | 1 2 3 4 |  4.4
Dodging        | 1 2 3 4 |  4.4
Spellcasting   | 1 2 3 4 |  4.4
Conjurations   | 1 2 3 |  3.7
Hexes          | 1 2 3 |  3.7
Summonings     | 1 2 3 |  3.7
Necromancy     | 1 2 3 |  3.7
Translocations | 1 2 3 |  3.7
Transmutations | 1 2 3 |  3.7
Fire Magic     | 1 2 3 |  3.7
Ice Magic      | 1 2 3 |  3.7
Air Magic      | 1 2 3 |  3.7
Earth Magic    | 1 2 3 |  3.7
Poison Magic   | 1 2 3 |  3.7
Armour         | 3 4 5 |  5.2
Shields        | 3 4 5 |  5.2
Unarmed Combat | 3 4 5 |  5.2
Evocations     | 3 4 5 |  5.2
Stealth        | 3 4 5 |  5.1

Action                   |  1- 3 |  4- 6 |  7- 9 || total
-------------------------+-------+-------+-------++-------
Melee: Club              |    52 |    35 |   231 ||   318
       Bite              |     8 |    10 |    20 ||    38
       Unarmed           |    43 |    35 |       ||    78
       Punch             |     1 |       |     3 ||     4
       Spear             |       |   109 |       ||   109
Throw: Dart              |    13 |    21 |    22 ||    56
 Cast: Blink             |       |       |     1 ||     1
Evoke: Box of beasts     |     1 |       |     1 ||     2
       Wand              |       |       |     2 ||     2
  Use: Scroll            |     1 |     7 |     6 ||    14
       Potion            |       |       |     6 ||     6
 Stab: Sleeping          |     3 |     4 |     4 ||    11
       Distracted        |       |       |     2 ||     2
Armor: Robe              |    18 |    22 |    74 ||   114
Dodge: Dodged            |    61 |    80 |   195 ||   336

Table legend: (Time is in decaauts)
 A = Elapsed time spent in this place.
 B = Non-inter-level travel time spent in this place.
 C = Inter-level travel time spent in this place.
 D = Time resting spent in this place.
 E = Time spent auto-exploring this place.
 F = Levels seen in this place.
 G = Mean time per level.
                   A        B        C        D        E       F      G
               +--------+--------+--------+--------+--------+-----+--------+
         Total |   9338 |   9010 |    328 |      0 |   7528 |   7 | 1334.0 |
       Dungeon |   9338 |   9010 |    328 |      0 |   7528 |   7 | 1334.0 |
               +--------+--------+--------+--------+--------+-----+--------+

Top non-repeatable levels by time:
     D:2: 2156 daAuts
     D:5: 1692 daAuts
     D:6: 1665 daAuts
     D:3: 1515 daAuts
     D:1: 1180 daAuts
     D:4: 1092 daAuts
     D:7: 35 daAuts
